 Dungeon Crawl Stone Soup version 0.31-a0-1388-g4b2ba238e7 (webtiles) character file.

Game seed: 11705131821248121840

1343557 ParallaxScroll the Conqueror (level 26, 307/307 (314) HPs)
             Began as an Oni Berserker on Dec 24, 2023.
             Was the Champion of Trog.
             Escaped with the Orb
             ... and 3 runes!
             The game lasted 06:53:59 (109483 turns).

ParallaxScroll the Conqueror (Oni Berserker)      Turns: 109483, Time: 06:54:00

HP:   307/307 (314) AC: 37    Str: 36    XL:     26   Next: 92%
MP:   20/20         EV:  9    Int:  8    God:    Trog [******]
Gold: 5265          SH:  0    Dex:  8    Spells: 25/25 levels left

rFire   + . .        a - +11 giant club of Trog's Righteous Anger {heavy, rCorr Dex+4}
rCold   + . .        (shield currently unavailable)
rNeg    + . .        d - +8 gold dragon scales
rPois   +            (helmet restricted)
rElec   +            v - +2 cloak {rCorr}
rCorr   +            (gloves unavailable)
SInv    +            (boots unavailable)
Will    +++..        e - amulet of regeneration Stlth
                     g - ring of positive energy
HPRegen 1.51/turn    y - ring of Sif Muna's Pride {rElec rPois SInv}
MPRegen 0.17/turn

%: no passive effects
@: wreathed by umbra, studying Dodging, lightly drained
A: large, unfitting armour, horns 1, tough skin 1, double potion healing,
drunken brawling, clumsy 2, low MP 1, strong-willed 1, mutation resistance 1,
electricity resistance, teleportitis 1
0: Orb of Zot
}: 3/15 runes: decaying, serpentine, slimy
a: Renounce Religion, Berserk, Trog's Hand, Brothers in Arms


You escaped.
You worshipped Trog.
Trog was exalted by your worship.
You visited 10 branches of the dungeon, and saw 51 of its levels.
You visited 1 bazaar.
You also visited: Sewer, Bailey and Volcano.

You collected 7266 gold pieces.
You spent 2001 gold pieces at shops.

Inventory:

Hand Weapons
 a - the +11 giant club of Trog's Righteous Anger (weapon) {heavy, rCorr Dex+4}
   (Trog gifted it to you on level 1 of the Swamp)

   Dex+4:     It affects your dexterity (+4).
   rCorr:     It protects you from acid and corrosion.
Missiles
 l - 41 boomerangs
 m - 8 curare-tipped darts
 M - 3 throwing nets
 Q - 84 large rocks (quivered)
 R - 11 javelins
 U - 10 silver javelins
Armour
 d - +8 gold dragon scales (worn)
 u - the +2 hat of the Bear Spirit {Spirit, Bear, *Rage Will++}
   (You found it in a bailey)

   Bear:      Going berserk makes the wearer exceptionally tough, and they are
   slowed for a shorter time afterward.
   Will++:    It greatly increases your willpower.
   *Rage:     It berserks you when you make melee attacks (+20% chance).
 v - a +2 cloak of preservation (worn)
Jewellery
 b - the ring of Noseot {rF++ rCorr Str+3 Dex+2}
   (You found it on level 5 of the Pits of Slime)

   [ring of resist corrosion]

   Str+3:     It affects your strength (+3).
   Dex+2:     It affects your dexterity (+2).
   rF++:      It greatly protects you from fire.
   rCorr:     It protects you from acid and corrosion.
 e - an amulet of regeneration (around neck)
 g - a ring of positive energy (left hand)
 t - a ring of protection from cold
 y - the ring of Sif Muna's Pride (right hand) {rElec rPois SInv}
   (You bought it in a shop on level 1 of the Snake Pit)

   [ring of poison resistance]

   rElec:     It insulates you from electricity.
   rPois:     It protects you from poison SInv: It lets you see invisible.
 J - the ring of Winter {Will+ AC+4}
   (You took it off a minotaur on level 1 of the Elven Halls)

   [ring of protection]

   AC+4:      It affects your AC (+4).
   Will+:     It increases your willpower.
Wands
 q - a wand of digging (14)
 B - a wand of mindburst (25)
 F - a wand of flame (85)
 G - a wand of light (58)
 V - a wand of polymorph (10)
 W - a wand of roots (34)
 X - a wand of charming (53)
Scrolls
 n - 24 scrolls of teleportation
 o - 3 scrolls of blinking
 p - 3 scrolls of poison
 w - 6 scrolls of fog
 C - 4 scrolls of vulnerability
 D - 7 scrolls of immolation
 K - 6 scrolls of silence
 N - 3 scrolls of butterflies
 O - 2 scrolls of fear
 P - a scroll of torment
Potions
 f - 9 potions of berserk rage
 h - 8 potions of haste
 i - 2 potions of ambrosia
 j - 5 potions of mutation
 k - 7 potions of invisibility
 s - 10 potions of might
 z - 8 potions of enlightenment
 A - 5 potions of cancellation
 E - 4 potions of attraction
 H - 2 potions of resistance
 L - 5 potions of lignification
 S - 6 potions of magic
 T - 15 potions of curing
Miscellaneous
 c - a box of beasts
 x - a phantom mirror
 I - a phial of floods
 Y - a lightning rod (4/4)
 Z - a tin of tremorstones (2/2)


   Skills:
 O Level 27 Fighting
 - Level 22.0 Maces & Flails
 - Level 20.0 Throwing
 + Level 22.6 Armour
 - Level 14.0 Dodging
 - Level 12.0 Evocations


You had 25 spell levels left.
You didn't know any spells.
Your spell library was empty.

Dungeon Overview and Level Annotations

Branches:
Dungeon (15/15)            Temple (0/1) D:4            Lair (5/5) D:8
  Swamp (4/4) Lair:3        Snake (4/4) Lair:2        Slime (5/5) Lair:5
    Orc (2/2) D:10            Elf (3/3) Orc:2        Vaults (4/5) D:13
  Crypt (0/3) Vaults:2     Depths (4/4) D:15            Zot (5/5) Depths:4
  Sewer (visited)          Bailey (visited)         Volcano (visited)

Altars:
Cheibriados
Dithmenos
Elyvilon
Gozag
Kikubaaqudgha
Makhleb
Okawaru
Qazlal
Uskayaw
Vehumet
Yredelemnul
The Shining One
Jiyva

Shops:
D:2 (   D:9 !   D:10 [   Orc:1 [[   Orc:2 ?*:[   Elf:1 :[   Elf:3 [
Snake:1 :=:   Vaults:1 (   Vaults:4 ((   Zot:3 *   Depths:4 ?

Portals:
Hell: Depths:1 Depths:2 Depths:3 Depths:4
Abyss: Snake:1 Depths:1 Depths:3 Depths:4
Pandemonium: Orc:2 Depths:2 Depths:3 Depths:4
Ziggurat: Depths:2

Annotations:
Elf:2 5 runed translucent doors
Elf:3 3 runed translucent doors, RepHenryClay's ghost, adept DEAl
Depths:3 1 runed translucent door


Innate Abilities, Weirdness & Mutations

You are too large for most types of armour.
You have a pair of small horns on your head.
You have tough skin. (AC +1)
You gain doubled healing and magic from potions.
Whenever you drink a healing potion, you attack all around you.
You are very clumsy. (Dex -4)
Your magical capacity is low. (-10% MP)
You are strong-willed. (Will+)
You are somewhat resistant to further mutation.
You are resistant to electric shocks. (rElec)
You are occasionally teleported next to monsters.


Message History

There is a stone staircase leading up here.
You are confused.
You savour every drop.
You feel invigorated.
You start resting.
You feel less invigorated.
You feel less confused.
You start resting.
HP restored.
You climb upwards.
There is a stone staircase leading down here.
What level of the Dungeon? (default 5, ? - help)
A chaos spawn comes into view.
You pound the chaos spawn like an anvil!!!
You kill the chaos spawn!
Trog accepts your kill.
The chaos spawn degenerates into a cloud of primal chaos!
What level of the Dungeon? (default 1, ? - help)
A sun demon comes into view.
There is a stone staircase leading up here.
You climb upwards.
There is a stone staircase leading down here.
There is a stone staircase leading up here.
You climb upwards.
There is a stone staircase leading down here.
What level of the Dungeon? (default 1, ? - help)
There is an open door, spattered with blood here.
You see here a +0 short sword.
There is an open door here.
There is a stone staircase leading up here.
You climb upwards.
There is a stone staircase leading down here.
You see here a +0 dagger.
There is a large open door here.
There is a large open door here.
Something unseen opens the large door.
You sense a monster nearby.
There is an open door here.
A profane servitor comes into view. It is wielding a +1 whip.
There is a staircase leading out of the dungeon here.
You have escaped!

##...#####......######..#### ##.
##...##....########.....# #..
#8...8#.#### ###......## #.#
##...#### #####..[...### #.#
##...##8###8#...#.#### ##.#
..............##..### #..#
..............≈≈≈≈≈≈≈≈≈## ##≈≈≈≈≈
..............≈#######≈#~♣~#≈####
##...##8###8##≈#@...8####8####8..
##...#########≈#.....'.......+...
#8...8##.###.#≈#8...8##8#'#8##8..
##...###..##.#≈###A######'######'
##...##...##.#≈#~#.##♣♣.....♣♣##.
##...###..##.#≈♣♣8.#♣~.......~♣#.
#8...8#...##.#≈#~#.8#.........#8.
##...###......≈###.##...~♣~...##.
##...##...##...''..''...♣8♣...''.


You could see a profane servitor.

Vanquished Creatures
  the Royal Jelly (Slime:5)
  A pandemonium lord (D:11)
  A dread lich (Zot:5)
  2 ancient liches (Zot:5)
  8 orbs of fire
  Sojobo (Depths:3)
  4 Killer Klowns (Zot:5)
  Saint Roka (Orc:1)
  The ghost of Bediveer the Conqueror, an adept OnGl of Yredelemnul (Vaults:4)
  2 curse toes
  Vashnia (Snake:3)
  7 golden dragons
  Nikola (Elf:1)
  Jory (Vaults:3)
  A profane servitor (Snake:1)
  A bone dragon (Depths:4)
  A Tzitzimitl (D:11)
  2 electric golems (Zot:5)
  8 tentacled monstrosities
  The ghost of grandjackal the Slayer, an adept DrGl of Trog (Elf:1)
  An Ice Fiend (D:5)
  A walking earthen tome (Depths:2)
  Jorgrun (Orc:2)
  26 Orb Guardians
  8 liches
  A titan (Depths:2)
  2 deep elf blademasters (Elf:3)
  3 quicksilver dragons
  The ghost of Yschutux the Brawler, an adept DrMo of Ru (Snake:1)
  20 acid blobs
  A walking frostbound tome (Depths:2)
  3 deep elf master archers
  4 sphinxes
  A death cob (Zot:5)
  An Executioner (D:12)
  2 walking divine tomes (Depths:3)
  5 tengu reavers
  Donald (Swamp:1)
  Aizul (Snake:3)
  A thorn hunter (Swamp:1)
  7 shadow dragons
  11 storm dragons
  4 protean progenitors
  10 nagarajas
  12 azure jellies
  2 fenstrider witches (Swamp:3)
  A draconian knight (Zot:5)
  10 rockslimes
  5 deep elf sorcerers
  7 fire giants
  4 vault wardens
  9 frost giants
  5 deep elf elementalists (Elf:3)
  2 ghouls (Swamp:4)
  3 iron dragons
  A balrug (Depths:3)
  8 draconian scorchers
  A ghost moth (Zot:5)
  A caustic shrike zombie (Depths:1)
  2 orc warlords (Elf:1)
  A cacodemon (Snake:1)
  A draconian stormcaller (Zot:5)
  2 war gargoyles (Vaults:4)
  2 draconian annihilators (Zot:5)
  2 demonspawn corrupters (D:11)
  13 ironbound preservers
  13 formless jellyfish
  17 quicksilver oozes
  14 stone giants
  7 very ugly things
  3 spriggan defenders
  12 ironbound thunderhulks
  5 black draconians
  A vampire knight (Depths:2)
  4 deep elf death magi (Elf:3)
  6 eleionomae
  11 deep elf annihilators
  3 deep elf demonologists (Elf:3)
  4 green draconians
  6 bunyips
  3 minotaurs
  4 red draconians
  12 purple draconians
  3 yellow draconians
  3 white draconians
  10 dire elephants
  3 crystal guardians
  3 spark wasps (Depths:2)
  2 green deaths (Swamp:4)
  A merfolk javelineer (Elf:1)
  7 yaktaur captains
  7 fire dragons
  Snorg (D:11)
  A shambling mangrove (Swamp:1)
  6 deep elf high priests (Elf:3)
  13 ettins
  3 jiangshi (Depths:4)
  An entropy weaver (shapeshifter) (D:13)
  Josephine (Orc:2)
  A spriggan zombie (Depths:1)
  The ghost of Coanextu the Cleaver, a journeyman HOFi of Beogh (D:13)
  4 rakshasas
  10 ice dragons
  6 vault guards
  12 great orbs of eyes
  4 entropy weavers
  3 demonspawn (Orc:2)
  3 peacekeepers
  A caustic shrike simulacrum (Depths:3)
  A hell beast (Zot:4)
  A salamander tyrant (Snake:3)
  10 hydras
  6 ironbound frosthearts
  12 alligators
  2 ghost crabs
  2 catoblepae
  21 centaur warriors
  An ogre mage (D:15)
  7 spriggan air magi
  9 anacondas
  4 boulder beetles
  9 two-headed ogres
  A death knight (D:14)
  A satyr (Zot:5)
  3 vampire magi
  9 deep troll shamans
  5 orc high priests
  9 deep troll earth magi
  15 naga sharpshooters
  4 tengu warriors
  4 hell hogs
  13 dancing weapons
  A sphinx skeleton (D:15)
  12 shock serpents
  11 naga warriors
  2 occultists
  A sun demon (Depths:3)
  8 deep elf knights
  11 spriggan berserkers
  12 hell knights (Depths:2)
  9 skeletal warriors
  A death drake (shapeshifter) (D:13)
  3 skysharks
  Sonja (D:11)
  5 goliath frogs
  2 spark wasp zombies
  15 iron trolls
  65 deep trolls
  11 sea snakes
  A cherub (D:14)
  A storm dragon skeleton (D:15)
  7 salamander mystics
  2 spriggan druids
  A glowing orange brain (shapeshifter) (Depths:2)
  A sea snake (shapeshifter) (Depths:3)
  3 large abominations (Swamp:4)
  6 swamp dragons
  5 arcanists
  11 deep elf archers
  8 naga ritualists
  16 lindwurms
  4 glowing orange brains
  7 bog bodies
  A flayed ghost (Depths:3)
  A shadow demon (D:11)
  9 necromancers
  A golden dragon skeleton (Depths:3)
  2 anaconda skeletons (Volcano)
  A spriggan simulacrum (Depths:3)
  2 harpies (shapeshifter)
  5 ironbound convokers
  13 deep elf zephyrmancers
  13 mana vipers
  8 shining eyes
  18 deep elf pyromancers
  A fire giant zombie (Depths:1)
  8 orc knights
  25 ugly things
  2 oklob plants
  10 orc sorcerers
  A cyclops (shapeshifter) (Depths:2)
  13 salamanders
  2 frost giant skeletons (Depths:1)
  3 will-o-the-wisps
  5 manticores
  2 alligator skeletons (Volcano)
  12 moths of wrath
  8 cyclopes
  6 elephants
  A kobold blastminer (Orc:1)
  4 guardian serpents
  22 naga magi
  44 black mambas
  An eye of devastation (shapeshifter) (Depths:3)
  12 vault sentinels
  A water nymph (shapeshifter) (Depths:3)
  An eye of devastation (Slime:3)
  An orange demon (Swamp:4)
  8 gargoyles
  2 smoke demons
  A rime drake (Lair:5)
  Maggie (D:6)
  Jeremiah (D:8)
  12 cane toads
  A kobold demonologist (D:10)
  2 hellions
  A tormentor (D:12)
  An unseen horror (D:11)
  12 yaktaurs
  An ice devil (D:11)
  5 komodo dragons
  A tengu conjurer (D:13)
  A red devil (Orc:2)
  12 trolls
  A troll (shapeshifter) (Elf:1)
  A hellwing (Orc:2)
  4 tyrant leeches
  3 bloated husks
  8 polar bears
  18 hornets
  A queen bee (shapeshifter) (D:14)
  24 blink frogs
  6 glass eyes
  Grinder (D:3)
  27 dream sheep
  115 slime creatures
  A jumping spider (Vaults:3)
  A culicivora (shapeshifter) (D:13)
  6 shadows
  2 centaur simulacra (D:15)
  7 air elementals
  24 spriggans
  60 yaks
  3 vampires
  3 ynoxinuls
  4 fire elementals
  Eustachio (D:6)
  5 wraiths
  3 wyverns
  3 wargs
  A human (D:13)
  6 basilisks
  A neqoxec (Orc:2)
  A yak (shapeshifter) (D:15)
  4 fire bats
  11 golden eyes
  4 steam dragons
  4 redbacks (Vaults:3)
  2 chaos spawn
  41 nagas
  14 swamp worms
  A glowing shapeshifter zombie (Depths:3)
  Edmund (D:6)
  24 water moccasins
  Duvessa (D:5)
  3 black bears
  41 orc warriors
  A swamp drake (Swamp:2)
  2 ice beasts (D:6)
  A meliai simulacrum (D:11)
  11 ogres
  2 sky beasts
  60 wolves
  A centaur (shapeshifter) (Elf:2)
  13 boggarts
  3 laughing skulls
  22 centaurs
  A phantom (D:2)
  A weeping skull (Volcano)
  A kobold brigand (D:11)
  A gnoll sergeant (D:6)
  16 bullfrogs
  A scorpion (D:6)
  A glowing shapeshifter simulacrum (Vaults:3)
  2 earth elementals
  Dowan (D:5)
  4 wights (D:6)
  10 killer bees
  3 troll skeletons (Volcano)
  11 howler monkeys
  9 vampire bats (Bailey)
  3 spriggan skeletons (Volcano)
  7 electric eels
  4 wolf zombies (Bailey)
  A crimson imp (D:4)
  4 jellies
  12 hounds
  Crazy Yiuf (D:3)
  30 orc priests
  2 sleepcaps
  2 gnoll boudas
  4 iguanas
  Natasha (thrice) (D:4)
  6 hell rats
  17 orc wizards
  A naga skeleton (Volcano)
  14 gnolls
  8 adders
  A shadow imp (D:7)
  A bombardier beetle (D:6)
  4 white imps
  4 ufetubi
  2 worms
  87 orcs
  8 ball pythons
  4 bats
  6 endoplasms
  2 giant cockroaches
  6 goblins
  12 hobgoblins
  2 jackals (D:2)
  6 quokkas
  2 frilled lizards
  5 kobolds
  19 orc zombies (Bailey)
  15 rats
  An aspiring flesh (Zot:5)
2180 creatures vanquished.

Vanquished Creatures (collateral kills)
  Asterion (Vaults:3)
  An eleionoma (Swamp:1)
  A centaur warrior (Vaults:1)
  A hell knight (Depths:2)
  Lodul (D:12)
  2 deep trolls (Vaults:1)
  A necromancer (Vaults:1)
  A yaktaur (Vaults:1)
  Psyche (D:8)
  A slime creature (D:12)
  2 ogres
13 creatures vanquished.

Vanquished Creatures (others)
  A fire giant (Depths:2)
  2 deep elf pyromancers (Elf:3)
  3 deep elf zephyrmancers
  A slime creature (D:14)
  A yaktaur (D:13)
  2 bloated husks
  A water elemental (Elf:3)
  2 orcs (D:15)
  A butterfly (Depths:1)
  2 foxfires (Swamp:4)
16 creatures vanquished.

Grand Total: 2209 creatures vanquished

Notes
Turn   | Place    | Note
-------+----------+-------------------------------------------
     0 | D:1      | ParallaxScroll the Oni Berserker began the quest for the
                  | Orb.
     0 | D:1      | Reached XP level 1. HP: 24/24 MP: 1/1
   217 | D:1      | Reached XP level 2. HP: 31/33 MP: 2/2
   275 | D:1      | Reached skill level 5 in Fighting
   765 | D:1      | Reached XP level 3. HP: 38/42 MP: 3/3
   944 | D:2      | Noticed a phantom
   966 | D:2      | Killed a phantom
   967 | D:2      | Reached skill level 6 in Fighting
   967 | D:2      | Reached XP level 4. HP: 20/52 MP: 4/4
  1134 | D:2      | Reached ** piety under Trog
  1307 | D:2      | Reached XP level 5. HP: 59/59 MP: 5/5
  1929 | D:2      | Found Itzebb's Weapon Emporium.
  2332 | D:3      | Found an opulent altar of Gozag.
  2415 | D:3      | Found a runed translucent door.
  2416 | D:3      | Noticed Crazy Yiuf
  2558 | D:3      | Noticed Grinder
  2563 | D:3      | Killed Grinder
  2564 | D:3      | Reached skill level 5 in Maces & Flails
  2564 | D:3      | Reached XP level 6. HP: 67/67 MP: 6/6
  2907 | D:3      | Gained mutation: Your flesh is cold resistant. (rC+)
                  | [potion of mutation]
  2907 | D:3      | Gained mutation: You expend magic power (3 MP) to
                  | strengthen your wands. [potion of mutation]
  2907 | D:3      | Gained mutation: You are resistant to electric shocks.
                  | (rElec) [potion of mutation]
  2907 | D:3      | Gained mutation: Your spells are a little harder to cast,
                  | but a little more powerful. [potion of mutation]
  3404 | D:3      | Killed Crazy Yiuf
  3405 | D:3      | Reached XP level 7. HP: 75/75 MP: 7/7
  3768 | D:4      | Noticed Natasha
  3777 | D:4      | Killed Natasha
  3799 | D:4      | Found a glowing drain.
  3808 | Sewer    | Entered a sewer
  3816 | Sewer    | Reached *** piety under Trog
  4100 | D:4      | Reached XP level 8. HP: 82/83 MP: 8/8
  4108 | D:4      | Noticed a yak
  4230 | D:4      | Noticed Natasha
  4242 | D:4      | Killed Natasha
  4361 | D:4      | Found a staircase to the Ecumenical Temple.
  4496 | D:4      | Killed a yak
  4567 | D:4      | Noticed Natasha
  4573 | D:4      | Killed Natasha
  4880 | D:5      | Entered Level 5 of the Dungeon
  5249 | D:5      | Reached skill level 10 in Maces & Flails
  5796 | D:5      | Found an iron altar of Okawaru.
  5945 | D:5      | Noticed Duvessa
  5945 | D:5      | Noticed Dowan
  5954 | D:5      | Killed Duvessa
  5958 | D:5      | Killed Dowan
  6334 | D:6      | Noticed Edmund
  6341 | D:6      | Killed Edmund
  6342 | D:6      | Reached XP level 9. HP: 76/89 MP: 9/9
  6854 | D:6      | Reached **** piety under Trog
  6974 | D:6      | Noticed Eustachio
  7011 | D:6      | Killed Eustachio
  7490 | D:6      | Noticed Maggie
  7496 | D:6      | Killed Maggie
  8005 | D:7      | Reached XP level 10. HP: 98/98 MP: 10/10
  8761 | D:7      | Found a burning altar of Makhleb.
  9036 | D:8      | Found a flagged portal.
  9044 | Bailey   | Entered a bailey
  9138 | Bailey   | Reached skill level 1 in Evocations
  9183 | Bailey   | Noticed a gargoyle
  9195 | Bailey   | Killed a gargoyle
  9196 | Bailey   | Reached skill level 7 in Fighting
  9338 | Bailey   | Found the +2 hat of the Bear Spirit {Spirit, Bear, *Rage
                  | Will++}
  9546 | D:8      | Reached skill level 8 in Fighting
  9562 | D:8      | Reached skill level 9 in Fighting
  9637 | D:8      | Noticed Jeremiah
  9647 | D:8      | Killed Jeremiah
  9648 | D:8      | Reached skill level 5 in Dodging
  9734 | D:8      | Found a glowing golden altar of the Shining One.
  9734 | D:8      | Found a hide-covered altar of Uskayaw.
  9765 | D:8      | Reached skill level 1 in Armour
  9812 | D:8      | Reached ***** piety under Trog
  9969 | D:8      | Reached XP level 11. HP: 115/115 MP: 9/11
 10043 | D:8      | Noticed a two-headed ogre
 10050 | D:8      | Killed a two-headed ogre
 10051 | D:8      | Reached skill level 10 in Fighting
 10488 | D:8      | Found a staircase to the Lair.
 10607 | D:8      | Noticed Psyche
 10618 | Lair:1   | Entered Level 1 of the Lair of Beasts
 11056 | Lair:1   | Reached skill level 15 in Maces & Flails
 11559 | Lair:1   | Reached XP level 12. HP: 111/126 MP: 10/12
 12311 | Lair:2   | Noticed a skyshark
 12311 | Lair:2   | Found a basalt altar of Yredelemnul.
 12324 | Lair:1   | Killed a skyshark
 12508 | Lair:2   | Noticed a five-headed hydra
 12511 | Lair:2   | Received a gift from Trog
 12737 | Lair:2   | Found a staircase to the Snake Pit.
 13434 | Lair:3   | Noticed a skyshark
 13450 | Lair:3   | Killed a skyshark
 14085 | Lair:3   | Reached XP level 13. HP: 133/133 MP: 13/13
 14091 | Lair:3   | Paralysed by a hornet for 2 turns
 14723 | Lair:3   | Found a staircase to the Swamp.
 15362 | Lair:3   | Found a staircase to the Swamp.
 16123 | Lair:4   | Received a gift from Trog
 16753 | Lair:4   | Identified the blade talisman of Henotheism {rF+ Str-2
                  | SInv}
 16890 | Lair:4   | Identified the +5 ring mail "Aczih" {Dex+3}
 17697 | Lair:5   | Entered Level 5 of the Lair of Beasts
 17952 | Lair:5   | Found a dark tunnel.
 17971 | Volcano  | Entered a volcano
 18701 | Lair:5   | Found a staircase to the Slime Pits.
 18701 | Lair:5   | Found a viscous altar of Jiyva.
 18769 | Lair:5   | Reached XP level 14. HP: 142/143 MP: 14/14
 18869 | Lair:5   | Received a gift from Trog
 18869 | Lair:5   | Found the +9 sword of Power {lifebolt}
 19944 | Lair:5   | Paralysed by a hornet for 1 turns
 21129 | Lair:5   | Found a staircase to the Slime Pits.
 21129 | Lair:5   | Found a viscous altar of Jiyva.
 21444 | Lair:5   | Reached skill level 11 in Fighting
 21966 | Lair:5   | Found a staircase to the Slime Pits.
 21966 | Lair:5   | Found a viscous altar of Jiyva.
 22693 | Lair:5   | Received a gift from Trog
 22705 | Lair:5   | Reached skill level 12 in Fighting
 23578 | Lair:5   | Found a staircase to the Slime Pits.
 23578 | Lair:5   | Found a viscous altar of Jiyva.
 24247 | D:8      | Killed Psyche
 24552 | D:9      | Found Gyomion's Distillery.
 25162 | D:10     | Entered Level 10 of the Dungeon
 25436 | D:10     | Reached skill level 1 in Throwing
 25684 | D:10     | Identified the ring "Ewoh" {rPois rC- Dex+7 Stlth+}
 25742 | D:10     | Found a staircase to the Orcish Mines.
 25831 | D:10     | Reached skill level 13 in Fighting
 26211 | D:10     | Received a gift from Trog
 26389 | D:10     | Found Yruriam's Armour Shoppe.
 26665 | D:10     | Found Yruriam's Armour Shoppe.
 26796 | D:10     | Found a staircase to the Orcish Mines.
 27456 | D:11     | Reached XP level 15. HP: 159/159 MP: 12/15
 27477 | D:11     | Noticed Sonja
 27487 | D:11     | Killed Sonja
 28143 | D:11     | Noticed Snorg
 28148 | D:11     | Reached skill level 5 in Evocations
 28159 | D:11     | Killed Snorg
 28401 | D:11     | Noticed a fire giant
 28416 | D:11     | Killed a fire giant
 29663 | D:12     | Reached skill level 5 in Throwing
 30810 | D:13     | Noticed Lodul
 30818 | D:12     | Killed Lodul
 31163 | D:13     | Found a runed translucent gate.
 31163 | D:13     | Found a runed translucent gate.
 31163 | D:13     | Found a runed translucent gate.
 31170 | D:13     | Noticed Coanextu's ghost (journeyman HOFi)
 31426 | Orc:1    | Entered Level 1 of the Orcish Mines
 31612 | Orc:1    | Found Quyrph's Armour Emporium.
 31626 | Orc:1    | Found Boboh's Antique Armour Shoppe.
 31859 | Orc:2    | Entered Level 2 of the Orcish Mines
 32999 | Orc:2    | Noticed Josephine
 33011 | Orc:2    | Killed Josephine
 33100 | Orc:2    | Noticed Saint Roka
 33190 | Orc:1    | Upgraded the game from 0.31-a0-1370-gf52a5a9ab3 to
                  | 0.31-a0-1388-g4b2ba238e7
 33346 | Orc:1    | Killed Saint Roka
 33347 | Orc:1    | Reached skill level 14 in Fighting
 33708 | Orc:2    | Found a staircase to the Elven Halls.
 33726 | Orc:2    | Received a gift from Trog
 33734 | Orc:2    | Found a burning altar of Makhleb.
 33772 | Orc:2    | Noticed Jorgrun
 33983 | Orc:2    | Killed Jorgrun
 34474 | Orc:2    | Identified a scroll of acquirement
 34739 | Orc:2    | Found Viepn's General Store.
 34763 | Orc:2    | Found Quhucit's Magic Scroll Boutique.
 34985 | Orc:2    | Reached XP level 16. HP: 172/172 MP: 16/16
 35048 | Orc:2    | Gained mutation: You occasionally lose the ability to read
                  | scrolls when taking damage. [a neqoxec]
 35644 | Orc:2    | Reached skill level 15 in Fighting
 36001 | Orc:2    | Received a gift from Trog
 36179 | Orc:2    | Found Zaeboat's Antique Armour Shoppe.
 36179 | Orc:2    | Found Ycebikus's Book Emporium.
 36180 | Orc:2    | Found a one-way gate leading to the halls of Pandemonium.
 36216 | Orc:2    | Found Quhucit's Magic Scroll Boutique.
 36219 | Orc:2    | Found Viepn's General Store.
 36306 | Orc:2    | Found a staircase to the Elven Halls.
 36432 | Orc:2    | Found a burning altar of Makhleb.
 38938 | D:13     | Found a gate to the Vaults.
 39316 | D:13     | Found a gate to the Vaults.
 40122 | D:14     | Reached skill level 16 in Fighting
 40601 | D:15     | Entered Level 15 of the Dungeon
 41332 | D:15     | Received a gift from Trog
 41479 | D:15     | Found a staircase to the Depths.
 41490 | D:15     | Reached skill level 10 in Dodging
 42701 | Snake:1  | Entered Level 1 of the Snake Pit
 42915 | Snake:1  | Reached XP level 17. HP: 176/188 MP: 15/17
 43339 | Snake:1  | Reached skill level 17 in Fighting
 44357 | Snake:1  | Found a transporter.
 44445 | Snake:1  | Reached skill level 18 in Fighting
 45024 | Snake:1  | Noticed a profane servitor
 45300 | Snake:1  | Received a gift from Trog
 45334 | Snake:1  | Reached skill level 19 in Fighting
 45443 | Snake:1  | Found a transporter.
 45548 | Snake:1  | Found a one-way gate to the infinite horrors of the Abyss.
 45548 | Snake:1  | Noticed Yschutux's ghost (adept DrMo)
 45557 | Snake:1  | Found Katox's Book Boutique.
 45557 | Snake:1  | Found Wuotaek's Jewellery Emporium.
 45558 | Snake:1  | Found Kecif's Book Boutique.
 48170 | Snake:2  | Identified the +1 robe of Ejehuapn {SInv}
 49088 | Snake:3  | Identified the serpent talisman of Woet {Str+5}
 49088 | Snake:3  | Noticed Aizul
 49480 | Snake:3  | Reached skill level 10 in Throwing
 49639 | Snake:3  | Reached skill level 20 in Fighting
 49880 | Snake:3  | Reached XP level 18. HP: 209/210 MP: 18/18
 51035 | Snake:3  | Killed Aizul
 51082 | Snake:3  | Noticed Vashnia
 51758 | Snake:3  | Received a gift from Trog
 51779 | Snake:3  | Reached ****** piety under Trog
 52847 | Snake:3  | Killed Vashnia
 52848 | Snake:3  | Reached skill level 21 in Fighting
 53261 | Snake:4  | Entered Level 4 of the Snake Pit
 54936 | Snake:4  | Received a gift from Trog
 55846 | Snake:4  | Got a serpentine rune of Zot
 56569 | Snake:1  | Bought the ring of Sif Muna's Pride {rElec rPois SInv} for
                  | 687 gold pieces
 56643 | Swamp:1  | Entered Level 1 of the Swamp
 57533 | Swamp:1  | Noticed Donald
 57539 | Swamp:1  | Killed Donald
 57539 | Swamp:1  | Identified the +11 giant club of Trog's Righteous Anger
                  | {heavy, rCorr Dex+4} (Trog gifted it to you on level 1 of
                  | the Swamp)
 57539 | Swamp:1  | Received a gift from Trog
 58085 | Swamp:1  | Reached XP level 19. HP: 224/224 MP: 19/19
 58595 | Swamp:2  | Identified the +0 ring mail of Ixzy {rF+ Dex+3}
 59871 | Swamp:3  | Reached skill level 22 in Fighting
 60001 | Swamp:4  | Entered Level 4 of the Swamp
 61410 | Swamp:4  | Identified the +3 giant spiked club of the Boar {flame, rF-
                  | rC++} (Trog gifted it to you on level 4 of the Swamp)
 61410 | Swamp:4  | Received a gift from Trog
 61703 | Swamp:4  | Noticed a tentacled monstrosity
 61712 | Swamp:4  | Killed a tentacled monstrosity
 61783 | Swamp:4  | Reached skill level 5 in Armour
 61895 | Swamp:4  | Got a decaying rune of Zot
 62730 | Vaults:1 | Entered Level 1 of the Vaults
 63264 | Vaults:1 | Paralysed by a formless jellyfish for 1 turns
 63268 | Vaults:1 | Reached XP level 20. HP: 86/236 MP: 6/20
 63542 | Vaults:1 | Found Gytivir's Weapon Shop.
 63600 | Vaults:1 | Received a gift from Trog
 64080 | Orc:2    | Acquired the ring of Huehasm {rF+ Will++ MP+9 Int-3}
 64706 | Vaults:1 | Reached skill level 23 in Fighting
 65926 | Vaults:2 | Found a staircase to the Crypt.
 65926 | Vaults:2 | Found an ancient bone altar of Kikubaaqudgha.
 65927 | Vaults:2 | Found a basalt altar of Yredelemnul.
 66879 | Vaults:2 | Identified the +3 giant club of Shame {heavy, ^Contam rElec
                  | rPois rF+++} (Trog gifted it to you on level 2 of the
                  | Vaults)
 66879 | Vaults:2 | Received a gift from Trog
 67332 | Vaults:2 | Noticed a golden dragon
 67335 | Vaults:2 | Killed a golden dragon
 67336 | Vaults:2 | Reached skill level 24 in Fighting
 67450 | Vaults:2 | You fall into a shaft and drop 2 floors!
 67503 | Vaults:4 | Identified the +7 morningstar of Prudence {drain, rF+++
                  | Str+5 Dex-3}
 68065 | Vaults:2 | Found a staircase to the Crypt.
 68065 | Vaults:2 | Found an ancient bone altar of Kikubaaqudgha.
 68066 | Vaults:2 | Found a basalt altar of Yredelemnul.
 69135 | Vaults:3 | Identified the +5 robe of the King of the Hill {rElec
                  | Dex+3}
 69271 | Vaults:3 | Received a gift from Trog
 69860 | Vaults:3 | Reached XP level 21. HP: 233/253 MP: 21/21
 70134 | Vaults:3 | Noticed Asterion
 70140 | Vaults:3 | Killed Asterion
 70547 | Vaults:3 | Noticed Jory
 70556 | Vaults:3 | Killed Jory
 72321 | Vaults:3 | Reached skill level 10 in Armour
 73307 | Vaults:4 | Received a gift from Trog
 73661 | Vaults:4 | Found Teedirgh's Antique Weapon Emporium.
 73847 | Vaults:4 | Noticed Bediveer's ghost (adept OnGl)
 73848 | Vaults:4 | Found a transporter.
 73966 | Vaults:4 | Identified the +3 great mace "Syffi" {freeze, rN+}
 73972 | Vaults:4 | Found a transporter.
 74158 | Vaults:4 | Found Asuh's Weapon Emporium.
 74905 | Vaults:4 | Found Teedirgh's Antique Weapon Emporium.
 74983 | Vaults:4 | Found a transporter.
 75020 | Vaults:4 | Found Asuh's Weapon Emporium.
 75437 | Vaults:4 | Found a transporter.
 75598 | Vaults:4 | Received a gift from Trog
 75607 | Vaults:4 | Killed Bediveer's ghost
 75983 | Elf:1    | Entered Level 1 of the Elven Halls
 76000 | Elf:1    | Found a radiant altar of Vehumet.
 76058 | Elf:1    | Found a flickering gateway to a bazaar.
 76076 | Bazaar   | Entered a bazaar
 76076 | Bazaar   | Found Ketix's Antique Weapon Boutique.
 76091 | Bazaar   | Found Aget's General Store.
 76124 | Bazaar   | Found Laugiv's Antique Armour Boutique.
 76141 | Bazaar   | Found Pinyefaci's Antique Weapon Shoppe.
 76183 | Bazaar   | Bought a scroll of silence for 161 gold pieces
 76183 | Bazaar   | Bought a potion of curing for 51 gold pieces
 76183 | Bazaar   | Bought an amulet of reflection for 510 gold pieces
 76348 | Elf:1    | Found Qaynaynlergh's Antique Armour Shoppe.
 76482 | Elf:1    | Found Vyosulupp's Book Shop.
 76505 | Elf:1    | Found a runed translucent gate.
 76507 | Elf:1    | Noticed grandjackal's ghost (adept DrGl)
 76508 | Elf:1    | Found a runed translucent gate.
 76508 | Elf:1    | Found a runed translucent gate.
 76671 | Elf:1    | Paralysed by an air elemental for 1 turns
 76718 | Elf:1    | Noticed Nikola
 76725 | Elf:1    | Killed Nikola
 77164 | Elf:1    | Identified the ring of Winter {Will+ AC+4}
 77398 | Elf:1    | Found an iron altar of Okawaru.
 77697 | Elf:2    | Paralysed by an air elemental for 1 turns
 78863 | Elf:2    | Received a gift from Trog
 78864 | Elf:2    | Reached XP level 22. HP: 256/262 MP: 22/22
 78964 | Elf:2    | Found a huge runed translucent gate.
 78964 | Elf:2    | Found a huge runed translucent gate.
 78964 | Elf:2    | Found a huge runed translucent gate.
 78965 | Elf:2    | Found a huge runed translucent gate.
 78966 | Elf:2    | Found a huge runed translucent gate.
 79232 | Elf:3    | Entered Level 3 of the Elven Halls
 79287 | Elf:3    | Found a runed translucent gate.
 79287 | Elf:3    | Found a runed translucent gate.
 79287 | Elf:3    | Found a runed translucent gate.
 79288 | Elf:3    | Noticed RepHenryClay's ghost (adept DEAl)
 79640 | Elf:3    | Paralysed by an air elemental for 1 turns
 79795 | Elf:3    | Found Kaur's Antique Armour Shoppe.
 80686 | Elf:3    | Reached skill level 15 in Armour
 80786 | Elf:3    | Identified the ring "Uwyingeg" {rF+ Int+6 Stlth+}
 80852 | Elf:3    | Paralysed by an air elemental for 1 turns
 80858 | Elf:3    | Paralysed by an air elemental for 1 turns
 81018 | Elf:3    | Received a gift from Trog
 81276 | Elf:3    | Identified the +0 ring mail of Keux {rPois Regen+ Dex+2}
 81394 | Elf:3    | Identified the +0 plate armour of Privacy {rElec rPois rF+}
 81559 | Elf:3    | Found Kaur's Antique Armour Shoppe.
 81599 | Elf:3    | Found a runed translucent gate.
 81599 | Elf:3    | Found a runed translucent gate.
 81599 | Elf:3    | Found a runed translucent gate.
 81984 | Elf:3    | Identified the +4 dagger of Benevolence {holy, rN+++ rCorr
                  | Dex-5 Stlth-}
 82767 | Elf:3    | Identified the +3 leather armour "Budengaops" {rN++ Int-5}
 83478 | Elf:3    | Found a runed translucent gate.
 83478 | Elf:3    | Found a runed translucent gate.
 83478 | Elf:3    | Found a runed translucent gate.
 83503 | Elf:3    | Found Kaur's Antique Armour Shoppe.
 84529 | Elf:3    | Found the +3 pair of mountain boots {steadfast, rC+}
 84546 | Elf:3    | Identified the staff of the Voracious God {rF+ Str+4 Fire}
 84869 | Elf:1    | Found Qaynaynlergh's Antique Armour Shoppe.
 85087 | Elf:1    | Found a radiant altar of Vehumet.
 85796 | Elf:1    | Found an iron altar of Okawaru.
 85818 | Elf:1    | Identified the +2 great mace "Rimn" {drain, *Noise rN+
                  | Str+3 Dex+4}
 86086 | Elf:1    | Found Vyosulupp's Book Shop.
 86441 | Elf:1    | Found a radiant altar of Vehumet.
 86667 | Elf:1    | Found Qaynaynlergh's Antique Armour Shoppe.
 86679 | Elf:1    | Killed grandjackal's ghost
 87086 | Elf:1    | Found Vyosulupp's Book Shop.
 87100 | Elf:1    | Found an iron altar of Okawaru.
 87112 | Elf:1    | Found an iron altar of Okawaru.
 87169 | Elf:1    | Found a radiant altar of Vehumet.
 87447 | Elf:1    | Found Qaynaynlergh's Antique Armour Shoppe.
 87757 | Elf:1    | Found Vyosulupp's Book Shop.
 88072 | Snake:1  | Killed Yschutux's ghost
 88083 | Snake:1  | Killed a profane servitor
 88087 | Snake:1  | Received a gift from Trog
 88423 | Depths:1 | Entered Level 1 of the Depths
 89363 | Depths:1 | Found a gateway to Hell.
 89412 | Depths:1 | Acquired a manual of Dodging
 89731 | Depths:1 | Found a white marble altar of Elyvilon.
 89876 | Depths:2 | Reached XP level 23. HP: 271/271 MP: 23/23
 89900 | Depths:2 | Received a gift from Trog
 90474 | Depths:2 | Found a glowing golden altar of the Shining One.
 90474 | Depths:2 | Found an ancient bone altar of Kikubaaqudgha.
 90475 | Depths:2 | Found a shadowy altar of Dithmenos.
 90477 | Depths:2 | Found a one-way gateway to a ziggurat.
 90828 | Depths:2 | Noticed a golden dragon
 90837 | Depths:2 | Killed a golden dragon
 92313 | Depths:2 | Received a gift from Trog
 92324 | Depths:2 | Identified the +4 battleaxe "Dewufyr" {heavy, rC+}
 92386 | Depths:2 | Identified the staff "Qurgh" {rPois rC+ Ice}
 92937 | Depths:2 | Identified the +11 scimitar of Cium {antimagic, rElec rC+
                  | Str+2 Dex+3}
 93006 | Depths:2 | Identified the +2 helmet of Shadows and Fog {Str+4}
 93285 | Depths:3 | Noticed a golden dragon
 94098 | Depths:3 | Killed a golden dragon
 94248 | Depths:3 | Received a gift from Trog
 94577 | Depths:3 | Reached XP level 24. HP: 282/282 MP: 21/23
 94649 | Depths:3 | Found a stormy altar of Qazlal.
 94650 | Depths:3 | Noticed Sojobo
 94655 | Depths:3 | Paralysed by an air elemental for 1 turns
 94660 | Depths:3 | Killed Sojobo
 94696 | Depths:3 | Found a runed translucent door.
 94772 | Depths:3 | Found a runed translucent door.
 95108 | Depths:3 | Noticed a juggernaut
 95115 | Depths:3 | Reached skill level 10 in Evocations
 95274 | Depths:4 | Entered Level 4 of the Depths
 95375 | Depths:3 | Received a gift from Trog
 95865 | Depths:4 | Found a snail-covered altar of Cheibriados.
 95998 | Depths:4 | Reached skill level 25 in Fighting
 96334 | Depths:4 | Found Ivepheozic's Magic Scroll Shoppe.
 96337 | Depths:4 | Bought a scroll of enchant armour for 150 gold pieces
 96337 | Depths:4 | Bought a scroll of enchant armour for 150 gold pieces
 96339 | Depths:4 | Bought a scroll of revelation for 150 gold pieces
 96480 | Depths:4 | Found a gate to the Realm of Zot.
 96961 | Depths:4 | Reached skill level 15 in Throwing
 98050 | D:13     | Killed Coanextu's ghost
 98336 | Slime:1  | Entered Level 1 of the Pits of Slime
 98383 | Slime:1  | Paralysed by a formless jellyfish for 1 turns
 98528 | Slime:2  | Gained mutation: Your body sometimes deteriorates upon
                  | taking damage. [a shining eye]
 99127 | Slime:2  | Received a gift from Trog
 99281 | Slime:3  | Paralysed by a formless jellyfish for 1 turns
 99416 | Slime:3  | Paralysed by a formless jellyfish for 1 turns
 99838 | Slime:5  | Entered Level 5 of the Pits of Slime
100006 | Slime:4  | Reached XP level 25. HP: 282/295 MP: 23/23
100609 | Slime:5  | Gained mutation: You sometimes lose your temper in combat.
                  | [a shining eye]
100792 | Slime:4  | Received a gift from Trog
100835 | Slime:4  | Gained mutation: You have an uncontrollable temper. [a
                  | shining eye]
101259 | Slime:5  | Gained mutation: You are frail. (-10% HP) [a shining eye]
101637 | Slime:5  | Noticed the Royal Jelly
101644 | Slime:5  | Killed the Royal Jelly
102088 | Slime:5  | Got a slimy rune of Zot
102115 | Slime:5  | Acquired 290 gold pieces
102118 | Slime:5  | Identified the staff of Mapsihua {rElec rF+ Dex+2 Air}
102140 | Slime:5  | Identified the +0 whip of Defiance {freeze, Dex+4}
102144 | Slime:5  | Identified the +0 pair of boots "Dusijec Jidi" {Will++}
102209 | Slime:5  | Identified the ring of Noseot {rF++ rCorr Str+3 Dex+2}
102476 | Slime:5  | Identified the staff of the Cursing Gnat {rN+ rCorr Necro}
102477 | Slime:5  | Identified the +2 quarterstaff "Luomach" {protect, MP+9
                  | Str-3 Int+3 Dex+3}
103244 | Zot:1    | Entered Level 1 of the Realm of Zot
103565 | Orc:2    | Bought a scroll of silence for 142 gold pieces
104126 | Zot:1    | Reached skill level 26 in Fighting
104462 | Zot:2    | Identified the +6 giant club of the Forsaken Yaks {flame,
                  | Dex+2 Stlth+} (Trog gifted it to you on level 2 of the
                  | Realm of Zot)
104462 | Zot:2    | Received a gift from Trog
105038 | Zot:3    | Found Jaizumi's Orb Outfitters.
105038 | Zot:3    | Noticed an orb of fire
105042 | Zot:3    | Killed an orb of fire
105342 | Zot:5    | Entered Level 5 of the Realm of Zot
106043 | Zot:5    | Identified the +8 dagger of Ahuicop {freeze, rF++}
106366 | Zot:5    | Reached XP level 26. HP: 278/278 MP: 23/23
106475 | Zot:5    | Noticed an ancient lich
106486 | Zot:5    | Noticed an ancient lich
106487 | Zot:5    | Killed an ancient lich
106495 | Zot:5    | Killed an ancient lich
106495 | Zot:5    | Received a gift from Trog
106650 | Zot:5    | Noticed an orb of fire
106657 | Zot:5    | Gained mutation: You sometimes lose the ability to read
                  | scrolls when taking damage. [an orb of fire]
106660 | Zot:5    | Gained mutation: You occasionally lose the ability to drink
                  | potions when taking damage. [an orb of fire]
106662 | Zot:5    | Killed an orb of fire
106779 | Zot:5    | Noticed a Killer Klown
106787 | Zot:5    | Killed a Killer Klown
106855 | Zot:5    | Noticed an orb of fire
106861 | Zot:5    | Killed an orb of fire
106970 | Zot:5    | Noticed a Killer Klown
106990 | Zot:5    | Killed a Killer Klown
107126 | Zot:5    | Noticed a dread lich
107145 | Zot:5    | Killed a dread lich
107220 | Zot:5    | Noticed an orb of fire
107224 | Zot:5    | Killed an orb of fire
107514 | Zot:5    | Noticed a Killer Klown
107519 | Zot:5    | Noticed an orb of fire
107521 | Zot:5    | Gained mutation: You are clumsy. (Dex -2) [an orb of fire]
107543 | Zot:5    | Noticed an orb of fire
107556 | Zot:5    | Gained mutation: You are very clumsy. (Dex -4) [an orb of
                  | fire]
107714 | Zot:5    | Gained mutation: You are occasionally teleported next to
                  | monsters. [an orb of fire]
107715 | Zot:5    | Killed an orb of fire
107719 | Zot:5    | Killed a Killer Klown
107783 | Zot:4    | Lost mutation: Your body sometimes deteriorates upon taking
                  | damage. [potion of mutation]
107783 | Zot:4    | Lost mutation: Your spells are a little harder to cast, but
                  | a little more powerful. [potion of mutation]
107783 | Zot:4    | Lost mutation: You sometimes lose the ability to read
                  | scrolls when taking damage. [potion of mutation]
107783 | Zot:4    | Lost mutation: You expend magic power (3 MP) to strengthen
                  | your wands. [potion of mutation]
107783 | Zot:4    | Lost mutation: You have an uncontrollable temper. [potion
                  | of mutation]
107784 | Zot:4    | Lost mutation: Your flesh is cold resistant. (rC+) [potion
                  | of mutation]
107784 | Zot:4    | Lost mutation: You occasionally lose the ability to drink
                  | potions when taking damage. [potion of mutation]
107784 | Zot:4    | Gained mutation: You are vulnerable to cold. (rC-) [potion
                  | of mutation]
107784 | Zot:4    | Gained mutation: You are strong-willed. (Will+) [potion of
                  | mutation]
107785 | Zot:4    | Lost mutation: You occasionally lose the ability to read
                  | scrolls when taking damage. [potion of mutation]
107785 | Zot:4    | Lost mutation: You sometimes lose your temper in combat.
                  | [potion of mutation]
107785 | Zot:4    | Gained mutation: Your system is resistant to poisons.
                  | (rPois) [potion of mutation]
107785 | Zot:4    | Gained mutation: You are somewhat resistant to further
                  | mutation. [potion of mutation]
107839 | Zot:5    | Noticed a Killer Klown
107842 | Zot:5    | Received a gift from Trog
107858 | Zot:5    | Killed a Killer Klown
107924 | Zot:5    | Gained mutation: Your magical capacity is low. (-10% MP)
                  | [an orb of fire]
107925 | Zot:5    | Killed an orb of fire
108009 | Zot:5    | Noticed an orb of fire
108014 | Zot:5    | Killed an orb of fire
108016 | Zot:5    | Noticed an orb of fire
108021 | Zot:5    | Killed an orb of fire
108090 | Zot:5    | Lost mutation: Your system is resistant to poisons. (rPois)
                  | [potion of mutation]
108090 | Zot:5    | Lost mutation: You are frail. (-10% HP) [potion of
                  | mutation]
108090 | Zot:5    | Lost mutation: You are vulnerable to cold. (rC-) [potion of
                  | mutation]
108148 | Zot:5    | Reached skill level 27 in Fighting
108676 | Zot:5    | Got the Orb of Zot
109117 | D:12     | Noticed Xapaulos the pandemonium lord
109121 | D:11     | Noticed Hayr the pandemonium lord
109128 | D:11     | Killed Hayr the pandemonium lord
109483 | D:$      | Escaped with the Orb!

Illustrated notes

Levels and vault maps discovered:
D:1:      saegor_arrival_fortress, layout_rooms, serial_corexii_hall,
          corexii_hall_statues_x, corexii_hall_statues_x,
          corexii_hall_statues_deadend, corexii_hall_statues_s
D:2:      layout_loops_corners, serial_shops, shop, st_stairs_2
D:3:      layout_basic, mainiacjoe_overflow_concentric_impassable, uniq_grinder,
          uniq_crazy_yiuf_cottage
D:4:      minmay_chambers_of_fours, layout_basic,
          minmay_temple_entry_steel_oval, portal_sewer_entry_d, st_stairs_2,
          skrybe_limestone_x, minmay_fire_ice_demons, uniq_natasha
D:5:      layout_layer_cave, mainiacjoe_overflow_six_doors_small, uniq_duvessa
D:6:      layout_basic, uniq_eustachio, uniq_edmund, uniq_maggie
D:7:      layout_gridville, makhleb_blood_cavern_becter
D:8:      layout_loops_ring, amethyst_overflow_temple_binary, erik_lair_island,
          enter_bailey_2, uniq_psyche, uniq_jeremiah
D:9:      layout_roguey, serial_shops, shop_statue
D:10:     kennysheep_steamy, layout_loops_ring, minmay_orc_entry_guard_dogs,
          serial_shops, nicolae_shop_back_alley_shop,
          hangedman_abyss_or_decor_lesser_grid
D:11:     nzn_winding_woodlands_small [nzn_winding_woodlands_5x15_split_checker,
          nzn_winding_woodlands_center_pierced_h,
          nzn_winding_woodlands_5x15_longhouse], layout_long_grid,
          minmay_misc_feat_chi, uniq_sonja, uniq_snorg
D:12:     layout_irregular_city
D:13:     layout_cross, grunt_vaults_entry_fortified,
          maelrawn_ghost_gauntlet_escape, minmay_mirror_moons_of_madness,
          uniq_lodul
D:14:     layout_loops_ring, chequers_mini_garden, minmay_starry_boxes
D:15:     gammafunk_depths_entry_grave, layout_rooms, special_room
          [special_room_orc], minmay_misc_feat_secret_circle,
          minmay_misc_feat_four_crosses, grunt_ministairs_1,
          lemuel_flamethrower_2
Lair:1:   layout_gridlike, grunt_megastairs_1, lemuel_fruit_fields
Lair:2:   layout_cave_shapes, guppyfry_snake_entry_garden, basic_altar,
          chequers_serial_rivers_small_a, kilobyte_rumbling_trees
Lair:3:   layout_regular_city, nicolae_swamp_entry_splash_gauntlet,
          dreamdust_wasp_nest
Lair:4:   layout_cave_shapes, st_stairs_9, minmay_lair_oklob_items,
          grunt_megastairs_4, lemuel_fruit_tree
Lair:5:   minmay_lair_end_enchanted_forest, layout_cellular_growth,
          slime_entry_1, nicolae_volcano_entry_hallway
Swamp:1:  layout_falls_marsh, serial_swamp_ruin, evilmike_swamp_ruin_wall,
          evilmike_swamp_ruin_house_5, evilmike_swamp_ruin_house_1,
          nicolae_swamp_long_stream, uniq_donald
Swamp:2:  layout_falls_marsh, evilmike_swamp_ruin_house_3
Swamp:3:  layout_basic_swamp, evilmike_swamp_ruin_house_2
Swamp:4:  swamp_vile, layout_basic_swamp
Snake:1:  minmay_snake_river, layout_rooms, gammafunk_ghost_abyssal_escape,
          nicolae_snake_linked_coils, minmay_shop_grove, serial_bayou_shore_a
Snake:2:  layout_onion
Snake:3:  layout_chambers, st_stairs_9, guppyfry_snake_island, uniq_aizul,
          uniq_vashnia
Snake:4:  johnstein_snake_rune_scales, layout_misc_corridors
Slime:1:  layout_caves
Slime:2:  layout_caves
Slime:3:  layout_caves, basic_altar
Slime:4:  cheibrodos_slime_lost_civilization_10, layout_caves
Slime:5:  slime_pit_nicolae_trefoil
Orc:1:    layout_caves, serial_shops, nicolae_shop_statue_plus,
          nicolae_shop_window_shopping
Orc:2:    pf_orc_diabolical, layout_diamond_mine, basic_altar, mines3_lemuel,
          uniq_jorgrun, uniq_josephine, uniq_saint_roka
Elf:1:    eino_elf_arrival_altar, layout_onion_city,
          gammafunk_ghost_fury_of_okawaru, serial_shops, bzr_entry_water, shop,
          nicolae_lakefront_shop, uniq_nikola
Elf:2:    elven_hall_of_blades_hangedman_alternative
          [nicolae_blade_entry_sentries_behind_glass], layout_rooms,
          grunt_megastairs_5
Elf:3:    minmay_elf_hall_curves, layout_geoelf_octagon, serial_shops,
          nicolae_shop_advertising_works [nicolae_subvault_shop_adworks],
          gammafunk_ghost_split, small_statue_intersection
Vaults:1: hangedman_vaults_stream, nicolae_vaults_house_1, nicolae_vaults_prndl,
          nicolae_vaults_tangram_1, vaults_room_octagon,
          nicolae_vaults_oval_intersection, nicolae_vaults_ring_of_whatevers,
          nicolae_vaults_heart-shaped_vault, grunt_vaults_twisty,
          hangedman_vaults_cutoff, layout_vaults_omnicross, serial_shops, shop
Vaults:2: nicolae_vaults_double_plus_2, nicolae_vaults_closet_pinwheel_3,
          grunt_vaults_focal, hangedman_vaults_nails,
          nicolae_vaults_circle_grid_a, minmay_crypt_entry_necro_gods,
          vaults_room_door_ring, nicolae_vaults_little_ls,
          nicolae_vaults_trapezoid_lopsided_1, v_misc_32,
          vaults_room_semicircle, nicolae_vaults_tetromino_L_1,
          layout_vaults_chaotic_city
Vaults:3: v_alt_pattern_2, nicolae_vaults_hexular_roomagon,
          hangedman_vaults_trim, nicolae_vaults_double_plus_1, v_misc_9,
          nicolae_vaults_tangram_2, serial_ice_b, serial_ice_h,
          hangedman_vaults_capsules, st_cross, layout_vaults_omnigrid,
          uniq_jory, uniq_asterion
Vaults:4: gammafunk_ghost_smash, nicolae_vaults_little_squares_2,
          grunt_vaults_swirl, nicolae_vaults_taking_the_gang_shopping,
          nicolae_vaults_stepped_doors, nicolae_vaults_closet_pinwheel_2,
          nicolae_vaults_apartment_2, nicolae_vaults_bisected_exclaves,
          vaults_room_hallway, nicolae_vaults_tetromino_L_1,
          nicolae_vaults_apartment_1, dpeg_vaults_monster_row,
          nicolae_vaults_diagonal_hallway_7, nicolae_vaults_apartment_2,
          nicolae_vaults_octothorpe, layout_vaults_ring, serial_shops, shop
Depths:1: layout_twisted_cross, abyss_entry, serial_sigils_hangedman_writhe,
          pf_hell_entry_tar_spiral, nicolae_elyvilon_peaceful_grove
Depths:2: hangedman_slaughterboxes, pan_entry, hell_entry
Depths:3: minmay_expanding_circles, layout_cave_pools, lightli_too_deep,
          pan_entry, abyss_entry, nicolae_qazlal_general_emergency,
          minmay_staircase_windowed_small, uniq_sojobo
Depths:4: grunt_crosshair, layout_gridlike, serial_shops,
          nicolae_shop_rolled_up, hell_entry, pan_entry, roderic_roman_lattice,
          abyss_entry, chei_slow_surprise
Zot:1:    layout_gridlike
Zot:2:    layout_cellular_growth, st_stairs_7, zot_minivault_1
Zot:3:    layout_onion, hangedman_zot_decor_slant, st_small_dragon_hoard_1,
          tekkud_shop_of_orbs
Zot:4:    gammafunk_mikee_crab_dinner, layout_gridlike,
          regret_index_zotdec_banners, uniq_josephina, uniq_parghit
Zot:5:    layout_onion, lemuel_baited_zot_trap

Skill      XL: |  1  2  3  4  5  6  7  8  9 10 11 12 13 14 15 16 17 18 19 20 21 22 23 24 25 26 |
---------------+-------------------------------------------------------------------------------+-----
Fighting       | 5 6 9 10 13 14 16 20 21 22 24 25 26 27 | 27.0
Maces & Flails | 4 6 7 8 11 13 14 16 18 21 22 | 22.0
Dodging        | 3 5 6 8 10 13 14 | 14.0
Evocations     | 2 3 4 6 7 8 9 10 12 | 12.0
Armour         | 2 3 4 5 8 14 17 20 21 22 | 22.6
Throwing       | 3 7 9 10 12 14 17 19 20 | 20.0

Action                     |  1- 3 |  4- 6 |  7- 9 | 10-12 | 13-15 | 16-18 | 19-21 | 22-24 | 25-27 || total
---------------------------+-------+-------+-------+-------+-------+-------+-------+-------+-------++-------
  Melee: Mace              |    55 |   135 |    12 |       |       |       |       |       |       ||   202
         Headbutt          |     5 |    16 |    42 |    90 |   241 |   182 |   176 |   230 |   154 ||  1136
         Punch             |     1 |     3 |     2 |     3 |     9 |       |       |       |       ||    18
         Flail             |       |       |   291 |   388 |   658 |       |       |       |       ||  1337
         Dire flail        |       |       |     7 |     2 |       |       |       |       |       ||     9
         Giant club        |       |       |       |   236 |       |    20 |   787 |  1028 |   542 ||  2613
         Giant spiked club |       |       |       |    43 |   619 |   903 |       |       |       ||  1565
  Throw: Boomerang         |     3 |       |       |       |       |    64 |    11 |       |       ||    78
         Stone             |       |     1 |     7 |       |       |       |       |       |       ||     8
         Dart              |       |       |       |     1 |     4 |       |       |       |       ||     5
         Large rock        |       |       |       |       |     6 |     5 |    25 |    21 |    16 ||    73
         Javelin           |       |       |       |       |       |       |     1 |     2 |    39 ||    42
 Invoke: Berserk           |     1 |     3 |     4 |       |       |     2 |     1 |     1 |       ||    12
         Trog's Hand       |       |       |     3 |       |     2 |       |     1 |     1 |       ||     7
         Brothers in Arms  |       |       |       |       |     4 |       |     1 |     2 |       ||     7
  Evoke: Wand              |       |       |       |     2 |     7 |     8 |     3 |     2 |       ||    22
         Tin of tremorston |       |       |       |       |     3 |     1 |     3 |       |     2 ||     9
         Box of beasts     |       |       |       |       |     1 |       |     1 |     1 |       ||     3
         Phantom mirror    |       |       |       |       |       |     1 |     2 |       |       ||     3
    Use: Scroll            |       |     3 |    10 |     5 |    11 |     3 |    11 |     9 |     8 ||    60
         Potion            |       |     3 |       |     2 |     3 |       |     2 |     1 |    13 ||    24
   Stab: Invisible         |       |       |       |     1 |       |       |       |     1 |       ||     2
         Distracted        |       |       |       |       |     1 |       |       |       |       ||     1
         Sleeping          |       |       |       |       |       |     2 |       |       |       ||     2
 Armour: Animal skin       |    45 |    79 |    84 |       |       |       |       |       |       ||   208
         Robe              |       |       |    71 |    86 |       |       |       |       |       ||   157
         Steam dragon scal |       |       |       |   420 |  1018 |   681 |   168 |       |       ||  2287
         Skin              |       |       |       |     2 |       |       |       |       |       ||     2
         Swamp dragon scal |       |       |       |       |       |       |   338 |       |       ||   338
         Gold dragon scale |       |       |       |       |       |       |   488 |  1467 |   915 ||  2870
  Dodge: Dodged            |    13 |    41 |    94 |   293 |   550 |   418 |   345 |   473 |   249 ||  2476
  Block: Other             |       |       |       |       |       |       |    21 |    17 |       ||    38
         Reflection        |       |       |       |       |       |       |     8 |     2 |       ||    10

Table legend: (Time is in decaauts)
 A = Elapsed time spent in this place.
 B = Non-inter-level travel time spent in this place.
 C = Inter-level travel time spent in this place.
 D = Time resting spent in this place.
 E = Time spent auto-exploring this place.
 F = Levels seen in this place.
 G = Mean time per level.
                   A        B        C        D        E       F      G
               +--------+--------+--------+--------+--------+-----+--------+
         Total | 112218 |  93028 |  19190 |  33734 |  43719 |  55 | 2040.3 |
       Dungeon |  26562 |  21426 |   5136 |   6262 |  11340 |  15 | 1770.8 |
          Lair |  14752 |  12876 |   1876 |   4687 |   6267 |   5 | 2950.4 |
         Swamp |   6024 |   5207 |    817 |   1898 |   2403 |   4 | 1506.0 |
     Snake Pit |  13810 |  12676 |   1134 |   6148 |   4918 |   4 | 3452.5 |
    Slime Pits |   4539 |   3529 |   1010 |   1639 |   1015 |   5 |  907.8 |
  Orcish Mines |   6172 |   5129 |   1043 |   2120 |   2162 |   2 | 3086.0 |
   Elven Halls |  11444 |  10002 |   1442 |   4239 |   4620 |   3 | 3814.7 |
        Vaults |  12476 |  10054 |   2422 |   1918 |   6783 |   4 | 3119.0 |
        Depths |   9781 |   7333 |   2448 |   2641 |   3182 |   4 | 2445.2 |
           Zot |   5161 |   3305 |   1856 |   1704 |    555 |   5 | 1032.2 |
        Bazaar |    143 |    143 |      0 |      0 |     68 |   1 |  143.0 |
         Sewer |    232 |    232 |      0 |    124 |     27 |   1 |  232.0 |
        Bailey |    439 |    439 |      0 |     36 |    186 |   1 |  439.0 |
       Volcano |    677 |    677 |      0 |    313 |    191 |   1 |  677.0 |
               +--------+--------+--------+--------+--------+-----+--------+

Top non-repeatable levels by time:
  Lair:5: 5971 daAuts
   Elf:3: 5417 daAuts
   Orc:2: 5343 daAuts
   Elf:1: 4976 daAuts
Depths:2: 4133 daAuts
 Snake:3: 4076 daAuts
Vaults:3: 3670 daAuts
    D:13: 3604 daAuts
 Snake:2: 3544 daAuts
Vaults:2: 3197 daAuts
 Snake:1: 3191 daAuts
   Zot:5: 3119 daAuts
 Snake:4: 2997 daAuts
Vaults:1: 2926 daAuts
  Lair:3: 2867 daAuts
